 Dungeon Crawl Stone Soup version 0.17-a0-1515-gfae3d72 (webtiles) character file.

129 Chiseanne the Grasshopper (level 4, 0/35 HPs)
             Began as a Demonspawn Wanderer on July 12, 2015.
             Slain by an orc
             ... wielding a +0 flail
              (5 damage)
             ... on level 3 of the Dungeon.
             The game lasted 00:05:29 (2280 turns).

Chiseanne the Grasshopper (Demonspawn Wanderer)     Turns: 2280, Time: 00:05:29

Health: 0/35       AC:  7    Str: 11      XL:     4   Next: 88%
Magic:  0/5        EV: 11    Int: 10 (13) God:
Gold:   44         SH:  0    Dex: 15      Spells: 0 memorised, 3 levels left

rFire  . . .     SeeInvis .     a - +2 hand axe
rCold  . . .     Clarity  .     l - +0 ring mail
rNeg   . . .     SustAt   .     (no shield)
rPois  .         Gourm    .     (helmet restricted)
rElec  .         Spirit   +     j - +0 cloak
rCorr  .         Warding  .     (no gloves)
rMut   .         Stasis   .     (no boots)
MR     .....                    (no amulet)
Stlth  +.........               (no ring)
                                (no ring)

@: very slightly contaminated, invisible, not resistant to hostile enchantments,
very unstealthy
A: horns 1, molten scales 1, magic shield
a: no special abilities


You were on level 3 of the Dungeon.
You were hungry.

You visited 1 branch of the dungeon, and saw 3 of its levels.

You collected 44 gold pieces.

Inventory:

Hand weapons
 a - a +2 hand axe (weapon)
 d - a +1 dagger of draining
Missiles
 p - 13 exploding sling bullets
Armour
 j - a +0 cloak (worn)
 l - a +0 ring mail (worn)
Magical staves
 o - an uncursed staff of energy {unknown}
Jewellery
 i - an uncursed amulet of faith
Magical devices
 m - a wand of digging (9)
Scrolls
 f - a scroll of remove curse
 q - a scroll of teleportation
Books
 b - the Tome of Darkness

   Spells                             Type                      Level
   a - Pain                           Necromancy                   1
   b - Regeneration                   Charms/Necromancy            3
 c - Tummu's Volume of Translocation

   Spells                             Type                      Level
   a - Apportation                    Translocation                1
   b - Teleport Other                 Translocation                3
 n - a book of Annihilations

   Spells                             Type                      Level
   a - Poison Arrow                   Conjuration/Poison           6
   b - Chain Lightning                Conjuration/Air              8
   c - Lehudib's Crystal Spear        Conjuration/Earth            8
   d - Glaciate                       Conjuration/Ice              9
   e - Fire Storm                     Conjuration/Fire             9
Comestibles
 e - a bread ration
 h - a chunk of flesh


   Skills:
 + Level 3.1 Fighting
 - Level 1.0 Axes
 * Level 2.5 Armour
 + Level 2.1 Dodging
   Level 1.1 Necromancy
   Level 3.6 Translocations
 - Level 2.0 Evocations


You had 3 spell levels left.
You didn't know any spells.

Dungeon Overview and Level Annotations

Branches:
Dungeon (3/15)

Altars:


Innate Abilities, Weirdness & Mutations

You have a pair of small horns on your head.
You are partially covered in molten scales (AC +1).
When hurt, damage is shared between your health and your magic reserves.


Message History

The orc's wounds heal themselves!
Drink which item? (? for menu, Esc to quit)
It was a potion of degeneration.
There was something very wrong with that liquid.
You feel dopey. The orc closely misses you. The orc priest misses you.
Drink which item? (? for menu, Esc to quit)
It was a potion of invisibility.
You fade into invisibility!
The orc barely misses you. The orc priest barely misses you.
You are very lightly contaminated with residual magic.
You hit the orc priest.
The orc priest is almost dead.
You hit the orc but do no damage. The orc misses you.
The orc priest barely misses you.
You hit the orc priest.
You kill the orc priest!
You closely miss the orc. The orc closely misses you.
The orc hits you with a flail.
You die...

#........#......#
###..#............
###.............
......#.......##
###...#.#..#...
#..........#.
#...#.#....#
#......o...###.
#<..##.@.......
#... ###..##...
#.. ..# ### ....
..... .....#
#....# #####


You could see an orc.

Vanquished Creatures
  An orc priest (D:3)
  A gnoll (D:1)
  An adder (D:2)
  3 oozes
  2 worms (D:2)
  5 giant geckos
  An orc (D:3)
  6 bats
  2 giant cockroaches (D:1)
  8 goblins
  5 hobgoblins
  4 jackals
  A ball python (D:2)
  2 giant newts (D:1)
  6 kobolds
  6 rats
54 creatures vanquished.

Notes
Turn   | Place    | Note
--------------------------------------------------------------
     0 | D:1      | Chiseanne the Demonspawn Wanderer began the quest for the Orb.
     0 | D:1      | Chiseanne set off with: a +2 hand axe, the Tome of Darkness, Tummu's Volume of Translocation, a +0 robe, a bread ration
     0 | D:1      | Reached XP level 1. HP: 16/16 MP: 2/2
     0 | D:1      | Identified the Tome of Darkness
     0 | D:1      | Identified Tummu's Volume of Translocation
   101 | D:1      | Reached skill level 1 in Dodging
   284 | D:1      | Gained mutation: You are partially covered in molten scales (AC +1). [demonic ancestry]
   284 | D:1      | Reached XP level 2. HP: 23/23 MP: 3/3
  1014 | D:1      | Gained mutation: When hurt, damage is shared between your health and your magic reserves. [demonic ancestry]
  1014 | D:1      | Reached XP level 3. HP: 28/28 MP: 4/4
  1557 | D:2      | Reached skill level 1 in Armour
  1777 | D:2      | Gained mutation: You have a pair of small horns on your head. [demonic ancestry]
  1777 | D:2      | Reached XP level 4. HP: 30/34 MP: 5/5
  2280 | D:3      | Slain by an orc

Vault maps used:
D:1:      lightli_arrival_statue_moat

Action                   |  1- 3 |  4- 6 || total
-------------------------+-------+-------++-------
Melee: Hand axe          |   124 |    48 ||   172
  Use: Scroll            |     5 |     2 ||     7
       Potion            |       |     2 ||     2
 Stab: Sleeping          |     2 |       ||     2
  Eat: Chunk             |     3 |     1 ||     4
